Map: Ruins of Seras

Players

karakasa

  • Race: Zerg Zerg
  • League: Silver

Saadistic - Winner!

  • Race: Protoss Protoss

VOD

Have the link to the VOD?

Description

Long PvZ.

Got mostly wrecked by lurkers. Staged a comeback with archon / colossi.

Time

  • Played on: Nov. 14, 2015, 3:25 a.m.
  • Length: 24:06
Show
View Real Time Build Order
Export as new Build Order

karakasa Zerg 

Build Orders: Hatch First, Lurkers 

Get SALT Encoding   

  12  0:01  Drone  
  13  0:09  Drone  
  14  0:20  Extractor  
  13  0:21  Drone  
  13  0:22  Drone, Extractor  
  16  0:30  Overlord  
  16  0:49  Drone x2  
  18  1:00  Hatchery  
  17  1:11  Drone  
  18  1:20  Spawning Pool  
  18  1:21  Drone  
  18  1:25  Extractor  
  17  1:33  Drone x2  
  19  1:46  Overlord  
  19  2:07  Queen  
  21  2:10  Zergling x4  
  21  2:12  Drone  
  21  2:14  Queen  
  26  2:16  Drone  
  27  2:24  Drone x2  
  29  2:33  Drone  
  29  2:35  Metabolic Boost  
  29  2:36  Drone  
  31  2:43  Drone  
  32  2:48  Queen  
  34  2:53  Drone  
  34  2:55  Drone  
  36  3:05  Roach Warren  
  35  3:07  Drone  
  36  3:22  Spine Crawler  
  36  3:23  Drone  
  36  3:26  Overlord x3  
  36  3:31  Spore Crawler  
  35  3:36  Spore Crawler  
  35  3:37  Drone  
  39  4:02  Roach  
  39  4:03  Roach x6  
  51  4:17  Roach x3  
  54  4:27  Drone x2, Spine Crawler  
  54  4:38  Spore Crawler  
  53  4:46  Zergling x12  
  39  5:40  Roach x7, Extractor  
  39  5:41  Roach  
  52  6:05  Drone x6  
  58  6:11  Drone  
  58  6:12  Extractor  
  58  6:17  Overlord  
  58  6:23  Zergling x2  
  59  6:28  Lair  
  59  6:31  Hatchery  
  59  6:32  Drone  
  59  6:33  Overlord  
  59  6:34  Overlord  
  59  6:38  Drone x2  
  61  7:01  Evolution Chamber  
  61  7:03  Evolution Chamber  
  58  7:11  Drone  
  58  7:12  Drone x7, Extractor  
  58  7:13  Drone  
  66  7:19  Queen  
  68  7:28  Drone x3, Spine Crawler  
  68  7:29  Spine Crawler  
  69  7:30  Spore Crawler x2  
  69  7:35  Hydralisk Den  
  69  7:36  Overseer  
  66  7:41  Drone  
  66  7:42  Drone x3  
  70  7:53  Drone  
  73  8:02  Drone x3  
  76  8:06  Drone x5  
  76  8:12  Lurker Den  
  81  8:15  Hydralisk  
  83  8:23  Hydralisk x3  
  83  8:24  Hydralisk  
  89  8:36  Overseer  
  87  9:00  Hatchery, Overlord x2  
  87  9:01  Overlord  
  86  9:20  Hydralisk x3  
  86  9:21  Hydralisk x5  
  104  9:38  Lurker x3  
  105  9:52  Muscular Augments  
  105  9:55  Lurker x2  
  107  10:04  Overlord x2  
  108  10:07  Hatchery  
  108  10:14  Overlord  
  106  10:15  Overlord  
  106  10:17  Hatchery  
  105  10:22  Lurker x3  
  105  10:23  Lurker x2  
  105  10:26  Hydralisk  
  105  10:27  Spire  
  111  10:35  Zergling x2  
  112  10:50  Hydralisk x5  
  112  10:56  Overseer  
  122  11:25  Overlord x3  
  122  11:34  Overlord x3  
  122  11:36  Roach x6  
  122  11:37  Roach x3  
  122  11:39  Drone x4  
  145  11:40  Drone x2  
  146  12:00  Zerg Flyer Weapons Level 1  
  146  12:01  Glial Reconstitution  
  146  12:02  Corruptor x3  
  150  12:28  Drone x3  
  153  12:31  Queen  
  157  12:37  Roach x5  
  157  12:38  Roach x5  
  175  13:03  Zerg Missile Weapons Level 1  
  175  13:04  Zerg Ground Armor Level 1  
  175  13:09  Extractor  
  175  13:10  Extractor  
  174  13:12  Drone  
  174  13:13  Drone x2  
  174  13:15  Extractor  
  174  13:16  Extractor  
  172  13:24  Hatchery  
  171  13:27  Overseer  
  171  13:31  Roach x4  
  171  13:32  Roach x8  
  171  13:33  Roach  
  116  14:18  Hydralisk x3  
  116  14:19  Hydralisk x7  
  116  14:21  Roach x5  
  116  14:22  Roach  
  148  14:48  Corruptor x2  
  152  14:55  Drone x2  
  128  15:19  Hydralisk x7  
  128  15:20  Hydralisk  
  128  15:21  Roach x2  
  138  15:41  Lurker x2  
  138  15:42  Lurker x3  
  143  15:49  Drone x4  
  147  15:57  Infestation Pit  
  147  15:59  Drone  
  147  16:00  Drone  
  147  16:02  Overseer  
  147  16:03  Overseer  
  148  16:17  Drone x2  
  148  16:18  Drone  
  151  16:22  Drone x2  
  151  16:23  Drone x2  
  155  16:29  Overseer  
  155  16:33  Drone x2  
  155  16:34  Roach x3  
  163  16:48  Extractor  
  163  16:49  Overseer, Extractor  
  161  16:54  Spine Crawler  
  161  16:55  Spine Crawler  
  161  16:57  Spine Crawler  
  158  17:01  Roach  
  158  17:02  Roach x4  
  158  17:03  Roach  
  158  17:07  Queen  
  172  17:13  Hive  
  172  17:27  Drone  
  172  17:28  Drone  
  174  17:37  Zerg Ground Armor Level 2  
  174  17:38  Zerg Missile Weapons Level 2  
  86  18:35  Drone x8  
  86  18:36  Drone x5  
  99  18:45  Overseer  
  99  18:47  Overseer  
  99  18:50  Lurker  
  99  18:55  Greater Spire  
  100  19:00  Drone x5  
  105  19:17  Corruptor x7  
  105  19:18  Corruptor  
  105  19:19  Roach x5  
  105  19:20  Roach x3  
  137  19:59  Roach x2  
  145  20:00  Hydralisk x6, Roach x3  
  159  20:09  Overseer  
  159  20:11  Zerg Flyer Weapons Level 2  
  159  20:33  Hatchery  
  158  20:56  Brood Lord x3  
  158  20:57  Corruptor x3, Roach, Brood Lord x2  
  168  20:58  Hatchery, Corruptor x3  
  168  21:01  Overseer x2  
  181  21:10  Overlord x4  
  181  21:40  Roach x3  
  181  21:41  Roach x4  
  181  21:44  Hatchery  
  194  22:22  Brood Lord x3  
  167  22:35  Roach  
  167  22:36  Roach x7  
  167  22:37  Roach x8  
  149  22:38  Roach x2  
  137  22:49  Roach x4  
  137  22:50  Roach x7  
  99  23:26  Corruptor  
  96  23:31  Roach Warren  
  89  23:45  Spawning Pool  
Show
View Real Time Build Order
Export as new Build Order

Saadistic Protoss - Winner!

Build Orders: Dark Templar Rush 

Get SALT Encoding   

  12  0:01  Probe (Chrono Boost)  
  13  0:11  Probe (Chrono Boost)  
  14  0:20  Pylon  
  14  0:25  Probe (Chrono Boost)  
  15  0:38  Probe (Chrono Boost)  
  16  0:43  Gateway  
  16  0:48  Probe (Chrono Boost)  
  17  0:56  Assimilator  
  17  0:59  Probe (Chrono Boost)  
  17  1:01  Assimilator  
  18  1:10  Probe (Chrono Boost)  
  19  1:15  Pylon  
  19  1:21  Probe (Chrono Boost)  
  20  1:31  Zealot  
  22  1:34  Cybernetics Core  
  23  1:40  Probe (Chrono Boost)  
  23  1:50  Probe (Chrono Boost)  
  24  2:01  Probe (Chrono Boost)  
  25  2:11  Warp Gate  
  25  2:12  Mothership Core (Chrono Boost)  
  27  2:26  Zealot  
  29  2:36  Stargate  
  28  2:41  Probe (Chrono Boost)  
  29  2:51  Robotics Facility  
  29  2:53  Twilight Council  
  29  2:59  Adept  
  29  3:04  Pylon  
  31  3:22  Probe (Chrono Boost)  
  32  3:29  Gateway  
  32  3:31  Gateway  
  32  3:33  Probe (Chrono Boost)  
  33  3:42  Dark Shrine  
  33  3:43  Warp Prism  
  35  3:52  Probe (Chrono Boost)  
  36  3:56  Pylon  
  36  4:17  Nexus  
  35  4:45  Probe (Chrono Boost)  
  36  4:48  Pylon  
  36  4:50  Assimilator  
  36  4:54  Assimilator  
  36  4:58  Dark Templar x2  
  36  4:59  Dark Templar  
  42  5:04  Probe (Chrono Boost)  
  43  5:15  Probe (Chrono Boost)  
  38  5:34  Dark Templar x2  
  37  5:39  Probe x2 (Chrono Boost)  
  38  5:50  Probe x2 (Chrono Boost)  
  39  6:00  Probe x2 (Chrono Boost)  
  35  6:05  Zealot  
  35  6:11  Probe x2 (Chrono Boost)  
  39  6:21  Probe (Chrono Boost)  
  39  6:22  Probe (Chrono Boost)  
  39  6:23  Immortal (Chrono Boost)  
  45  6:26  Adept  
  45  6:27  Adept x2  
  45  6:30  Probe (Chrono Boost)  
  45  6:32  Probe  
  53  6:41  Probe  
  53  6:44  Probe  
  55  6:51  Probe  
  55  6:53  Adept x2  
  60  6:56  Sentry, Probe  
  63  7:02  Probe  
  63  7:08  Probe  
  65  7:11  Immortal (Chrono Boost)  
  65  7:14  Probe  
  70  7:24  Pylon  
  70  7:28  Pylon  
  70  7:39  Pylon  
  70  7:41  Pylon  
  70  7:42  Sentry x2, Probe  
  70  7:43  Sentry  
  77  7:49  Immortal (Chrono Boost)  
  81  7:58  Probe  
  81  8:00  Probe  
  83  8:12  Probe  
  84  8:39  Probe  
  84  8:41  Probe  
  86  8:43  Nexus  
  86  8:46  Assimilator  
  86  8:47  Stalker x2, Immortal (Chrono Boost)  
  86  8:48  Assimilator  
  94  8:52  Pylon  
  94  8:53  Probe  
  95  9:04  Robotics Bay  
  95  9:05  Stalker  
  95  9:07  Probe  
  95  9:09  Probe  
  99  9:21  Probe  
  100  9:29  Probe  
  101  9:33  Probe  
  101  9:38  Immortal (Chrono Boost)  
  106  9:39  Stalker x2  
  106  9:44  Pylon  
  110  9:49  Pylon  
  110  9:53  Probe, Forge  
  110  9:54  Forge  
  110  9:55  Probe  
  110  9:58  Probe  
  112  10:04  Probe  
  112  10:05  Templar Archives  
  114  10:18  Probe x2  
  114  10:19  Probe  
  117  10:27  Protoss Ground Weapons Level 1  
  117  10:28  Probe, Protoss Ground Armor Level 1  
  117  10:29  Disruptor (Chrono Boost)  
  117  10:31  Probe  
  117  10:33  Blink (Chrono Boost)  
  122  10:51  Probe x2  
  122  10:53  Probe  
  125  11:05  Probe  
  125  11:07  Disruptor (Chrono Boost)  
  125  11:09  Stalker x3, Nexus  
  135  11:12  Pylon  
  135  11:15  Assimilator  
  135  11:17  Assimilator  
  135  11:19  Psionic Storm  
  135  11:33  Gateway  
  135  11:34  High Templar  
  135  11:35  Gateway, High Templar x2  
  145  12:04  Disruptor (Chrono Boost)  
  141  12:26  Pylon  
  141  12:28  Pylon  
  141  12:30  Pylon x2  
  141  12:32  Pylon  
  141  12:35  Gateway x3  
  141  12:36  Gateway  
  141  12:38  Gateway  
  141  12:43  Probe x2  
  141  12:44  Probe, Nexus  
  141  12:45  Disruptor (Chrono Boost), Pylon, High Templar  
  141  12:46  Pylon, High Templar  
  141  12:47  High Templar  
  141  12:49  Protoss Ground Armor Level 2, Protoss Ground Weapons Level 2  
  153  12:56  Probe  
  154  13:10  Probe x2  
  154  13:12  Probe  
  157  13:16  Gateway  
  160  13:20  Gateway  
  160  13:24  Probe  
  161  13:28  Observer (Chrono Boost)  
  108  14:16  Stalker x4  
  108  14:17  Stalker  
  109  14:28  Stalker  
  114  14:31  Disruptor (Chrono Boost)  
  114  14:48  Stalker x3  
  114  14:49  Stalker x2  
  114  14:50  Stalker x2  
  128  15:03  Robotics Facility  
  128  15:06  Robotics Facility  
  128  15:07  Archon  
  118  15:19  Nexus, Assimilator  
  92  15:21  Pylon  
  92  15:22  Stalker x2, Assimilator  
  92  15:23  Stalker x5, Pylon  
  92  15:24  Pylon  
  106  15:33  Probe  
  105  15:39  Probe  
  106  15:49  Zealot  
  108  15:50  Zealot x7  
  108  15:51  Zealot x4  
  108  15:55  Disruptor (Chrono Boost)  
  133  16:06  Disruptor (Chrono Boost)  
  136  16:14  Zealot  
  136  16:15  Zealot x6  
  136  16:16  Zealot x4  
  136  16:17  Zealot  
  160  16:20  Charge (Chrono Boost)  
  160  16:32  Observer  
  161  16:33  Observer  
  162  16:43  Zealot x4  
  162  16:44  Zealot x7  
  184  16:59  Protoss Ground Weapons Level 3, Protoss Ground Armor Level 3  
  184  17:18  Stalker x2  
  184  17:19  Stalker x4  
  184  17:20  Stalker x2  
  114  18:23  Stalker x6  
  114  18:24  Stalker x6  
  122  18:27  Immortal x3  
  113  18:56  Nexus  
  113  18:59  Assimilator  
  113  19:01  Assimilator  
  113  19:02  High Templar x2  
  117  19:03  High Templar x4  
  117  19:04  High Templar  
  117  19:06  Immortal x2  
  117  19:07  Stalker, Observer  
  117  19:08  Archon  
  117  19:09  Archon x2  
  138  19:27  Pylon  
  138  19:28  Observer, High Templar  
  138  19:29  Pylon  
  133  19:46  Extended Thermal Lance (Chrono Boost), Observer  
  133  19:48  Colossus  
  140  20:00  Colossus (Chrono Boost)  
  140  20:02  Zealot x6  
  140  20:03  Zealot x4  
  140  20:04  Zealot  
  168  20:07  Zealot  
  170  20:15  Archon  
  170  20:22  Protoss Shields Level 1 (Chrono Boost)  
  170  20:27  Colossus (Chrono Boost)  
  176  20:48  Colossus (Chrono Boost)  
  182  20:56  Colossus (Chrono Boost)  
  188  20:58  Zealot  
  188  21:03  Photon Cannon  
  190  21:05  Photon Cannon  
  190  21:14  Nexus  
  190  21:17  Assimilator  
  190  21:22  Assimilator  
  190  21:32  Colossus (Chrono Boost)  
  196  21:43  Stalker x2  
  181  22:34  Immortal x2  
  181  22:35  Stalker x3  
  181  22:36  Stalker x6  
  181  22:37  Stalker x3  
  169  22:39  Immortal  
  141  23:10  Observer x2  
  141  23:18  Observer  
  142  23:29  Observer x2  
  142  23:31  Stalker x3  
  142  23:32  Stalker  
Tags
 
Add a new tag
Caveats
  • Supply blocks, unpowered buildings, or Contaminate may cause inaccurate times.
  • Supply counts are checked every 10 seconds.